 Dungeon Crawl Stone Soup version 0.25.1-1-g288607f5aa (webtiles) character file.

Game seed: 413538975709786722

2 Descartes the Scratcher (level 1, 0/9 HPs)
             Began as a Felid Wanderer on July 27, 2020.
             Slain by a goblin (4 damage)
             ... on level 1 of the Dungeon.
             The game lasted 00:00:49 (34 turns).

Descartes the Scratcher (Felid Wanderer)              Turns: 34, Time: 00:00:50

Health: 0/9        AC:  1    Str: 10    XL:     1   Next: 33%
Magic:  2/3        EV: 16    Int: 10    God:
Gold:   0          SH:  0    Dex: 16    Spells: 1/2 levels left
                                        Lives:  0   Deaths: 0

rFire    . . .     SeeInvis +     - Unarmed
rCold    . . .     Gourm    .   (shield unavailable)
rNeg     . . .     Faith    .   (armour unavailable)
rPois    .         Spirit   .   (helmet unavailable)
rElec    .         Reflect  .   (cloak unavailable)
rCorr    .         Harm     .   (gloves unavailable)
MR       .....                  (boots unavailable)
Stlth    ++........             (no amulet)
HPRegen  0.03/turn              (no ring)
MPRegen  0.08/turn              (no ring)

@: very slightly contaminated, quick
A: very small, no armour, no weapons or thrown items, stealth, claws 1, fangs 3,
see invisible, carnivore, speed 1, shaggy fur 1, slow metabolism 1, sharp paws
a: no special abilities


You were on level 1 of the Dungeon.
You were not hungry.

You visited 1 branch of the dungeon, and saw 1 of its levels.

Inventory:

Wands
 c - a wand of random effects (15)
Scrolls
 a - 2 scrolls of fear
Comestibles
 d - a ration


   Skills:
 - Level 1.0 Fighting
 + Level 0.6 Dodging
 + Level 1.7 Stealth
 - Level 4.0 Unarmed Combat
 - Level 1.0 Spellcasting
   Level 1.2 Charms
   Level 1.1 Transmutations
 - Level 1.1 Evocations


You had one spell level left.
You knew the following spells:

 Your Spells              Type           Power        Failure   Level  Hunger
a - Foxfire               Conj/Fire      #...         34%         1    ##.....

Your spell library contained the following spells:

 Spells                   Type           Power        Failure   Level  Hunger
 Dazzling Flash           Conj/Hex       #.....       71%         3    ####...


Dungeon Overview and Level Annotations

Branches:
Dungeon (1/15)

Altars:


Innate Abilities, Weirdness & Mutations

You cannot wear armour.
You are incapable of wielding weapons or throwing items.
Your paws allow you to move quietly. (Stealth)
You have sharp claws.
You have razor-sharp teeth.
You have supernaturally acute eyesight. (SInv)
You are carnivorous and can eat meat at any time.
You cover ground quickly.
You are covered in fur. (AC +1)
You have a slow metabolism.
Your sharp claws are effective at attacking unaware monsters.


Message History

The goblin barely misses you.
You escape the ball python's grasp.
You closely miss the ball python. The ball python bites you.
The ball python barely misses you.
You scratch the ball python.
The ball python is heavily wounded.
The ball python misses you. The ball python closely misses you.
You scratch the ball python.
You kill the ball python!
A kobold comes into view. It is wielding a +0 club.
You barely miss the goblin.
The goblin is heavily wounded.
The kobold shouts!
A leopard gecko comes into view.
The goblin closely misses you.
The leopard gecko hisses angrily.
You scratch the goblin.
You kill the goblin!
You completely miss the goblin. The goblin hits you.
You die...

#.........#
#.........#
#.K.......#
#..l......#
#.........#
###.........#
#K..........#
#g###########
#@# #.# #.#
#.# ######.#
#......#
#<...ยง.#
#>.....#
#......#


You could see a leopard gecko, a goblin and 2 kobolds.

Vanquished Creatures
  A ball python (D:1)
  A goblin (D:1)
2 creatures vanquished.

Vanquished Creatures (others)
  2 foxfires (D:1)
2 creatures vanquished.

Grand Total: 4 creatures vanquished

Notes
Turn   | Place    | Note
-------+----------+-------------------------------------------
     0 | D:1      | Descartes the Felid Wanderer began the quest for the Orb.
     0 | D:1      | Descartes set off with the following items: 2 scrolls of
                  | fear, a wand of random effects (15), a ration; and the
                  | following spell memorised: Foxfire; and the following
                  | spells available to memorise: Dazzling Flash
     0 | D:1      | Reached XP level 1. HP: 9/9 MP: 3/3
    34 | D:1      | Slain by a goblin

Illustrated notes

Levels and vault maps discovered:
D:1:      dpeg_arrival_fog, layout_basic

Action                   || total
-------------------------++-------
Melee: Unarmed           ||     9
       Bite              ||     1
 Cast: Foxfire           ||     1
Armor: Skin              ||     1
Dodge: Dodged            ||    12
